AoeStats
← alex.feldblioum

Oasis

509792091Analyzed
2v2 RM · 4d ago on Sep 28, 2026· 48m 59s· 4 players
Game mode
Random Map
Map size
Medium (4 player)
Population
200
Speed
Normal
Resources
Standard
Victory
Conquest
Starting age
Dark Age
Ending age
Imperial Age
RankedLock teamsTeams togetherTeam positionsShared explorationLock speedFull tech treeHidden civsTurbo modeCheats
Victory
Defeat
🇨🇦 Vietnamese · Canada
1000
+14
🇨🇦 Tatars · Canada
833
+21
🇨🇱 Khitans · Chile
975
-19
🇨🇱 Vietnamese · Chile
919
-16
Molgrimmarr
8:03 Loom
10:24 Feudal Age
11:09 Double-Bit Axe
14:19 Horse Collar
17:44 Wheelbarrow
23:46 Castle Age
22:17 Fletching
22:38 Forging
23:38 Padded Archer Armor
23:38 Scale Mail Armor
24:48 Gold Mining
25:11 Bow Saw
25:04 Heavy Plow
25:18 Squires
25:20 Pikeman
25:52 Crossbowman
28:17 Bodkin Arrow
31:20 Iron Casting
31:37 Ballistics
32:03 Bloodlines
32:32 Husbandry
33:04 Chain Mail Armor
35:40 Scale Barding Armor
35:51 Leather Archer Armor
38:45 Chatras
39:11 Chain Barding Armor
39:17 Elite Skirmisher
43:48 Imperial Age
43:00 Thumb Ring
45:08 Hand Cart
45:26 Halberdier
45:28 Imperial Skirmisher
46:13 Bracer
47:17 Elite Battle Elephant
47:24 Elite Battle Elephant
alex.feldblioum
5:11 Loom
11:02 Feudal Age
15:10 Horse Collar
17:19 Wheelbarrow
17:49 Scale Barding Armor
17:56 Forging
22:01 Double-Bit Axe
26:37 Castle Age
25:20 Bloodlines
28:27 Bow Saw
28:47 Husbandry
28:09 Light Cavalry
30:38 Heavy Plow
32:27 Fletching
33:13 Iron Casting
32:59 Chain Barding Armor
32:40 Padded Archer Armor
33:10 Ballistics
32:42 Treadmill Crane
32:59 Murder Holes
34:38 Hand Cart
34:09 Town Watch
36:02 Bodkin Arrow
36:22 Leather Archer Armor
42:58 Imperial Age
40:29 Town Patrol
43:05 Heavy Camel Rider
47:22 Conscription
48:22 Elite Keshik
49:34 Silk Armor
JBR94
6:07 Loom
10:18 Feudal Age
11:30 Double-Bit Axe
21:13 Forging
21:09 Scale Barding Armor
23:52 Castle Age
24:35 Husbandry
23:55 Light Cavalry
25:44 Iron Casting
25:29 Chain Barding Armor
25:44 Iron Casting
25:49 Domestication
26:24 Fletching
27:09 Elite Skirmisher
27:54 Thumb Ring
30:34 Bodkin Arrow
36:31 Pikeman
38:33 Bow Saw
45:52 Imperial Age
47:35 Hussar
Attilio2477
4:17 Loom
10:20 Feudal Age
11:41 Wheelbarrow
14:25 Horse Collar
15:20 Double-Bit Axe
17:15 Town Watch
22:00 Castle Age
23:11 Bow Saw
23:09 Stone Mining
31:19 Heavy Plow
35:47 Imperial Age
34:37 Hand Cart
35:14 Forging
35:06 Scale Mail Armor
35:17 Light Cavalry
36:08 Bloodlines
35:59 Husbandry
36:02 Fletching
36:20 Squires
38:53 Padded Archer Armor
39:30 Scale Barding Armor
41:45 Thumb Ring
43:34 Bodkin Arrow
44:52 Bracer
45:11 Elite Skirmisher
46:59 Two-Man Saw
48:00 Chemistry
46:57 Murder Holes
48:27 Ballistics
Connection lost

Rejoining the realm…

Still unreachable

The connection could not be restored.

Session expired

The server has moved on; the page needs a fresh start.